 Dungeon Crawl Stone Soup version 0.19.1-1-g22dce08 (webtiles) character file.

81 M4edhros the Chopper (level 4, -3/60 HPs)
             Began as a Minotaur Berserker on Dec 31, 2016.
             Was a Believer of Trog.
             Slain by an orc wizard
             ... wielding a +0 dagger
              (5 damage)
             ... on level 3 of the Dungeon.
             The game lasted 00:01:35 (1922 turns).

M4edhros the Chopper (Minotaur Berserker)           Turns: 1922, Time: 00:01:37

Health: -3/60      AC:  2    Str: 23 (26) XL:     4   Next: 20%
Magic:  3/3        EV: 12    Int:  1 (4)  God:    Trog [**....]
Gold:   93         SH:  0    Dex:  9 (11) Spells: 0 memorised, 3 levels left

rFire  . . .     SeeInvis .     a - +0 hand axe
rCold  . . .     Gourm    .     b - +0 animal skin
rNeg   . . .     Faith    .     (no shield)
rPois  .         Spirit   .     (helmet restricted)
rElec  .         Reflect  .     (no cloak)
rCorr  .         Harm     .     (no gloves)
MR     ++...                    (no boots)
Stlth  ..........               (no amulet)
                                (no ring)
                                (no ring)

@: berserking, regenerating, very quick
A: retaliatory headbutt, horns 2
a: Berserk, Trog's Hand, Burn Spellbooks, Renounce Religion


You were on level 3 of the Dungeon.
You worshipped Trog.
Trog was pleased with you.
You were not hungry.

You visited 1 branch of the dungeon, and saw 3 of its levels.

You collected 93 gold pieces.

Inventory:

Hand Weapons
 a - a +0 hand axe (weapon)
 o - a +0 blowgun
Missiles
 m - 5 javelins (quivered)
 x - 5 poisoned needles
Armour
 b - a +0 animal skin (worn)
Jewellery
 e - a +4 ring of protection {unknown}
 l - a +6 ring of intelligence {unknown}
 u - an uncursed ring of protection from cold {unknown}
 y - an uncursed ring of stealth {unknown}
Wands
 f - a wand of confusion (25/48)
Scrolls
 h - 2 scrolls of magic mapping {unknown}
 i - a scroll of enchant weapon {unknown}
 j - a scroll of remove curse {unknown}
 k - 2 scrolls of identify {unknown}
 n - a scroll of enchant armour {unknown}
 p - a scroll of random uselessness {unknown}
 q - a scroll of noise {unknown}
 s - 2 scrolls of fear {unknown}
 v - a scroll of fog {unknown}
 z - a scroll of teleportation {unknown}
Potions
 g - a potion of magic {unknown}
 r - 2 potions of brilliance {unknown}
 t - a potion of heal wounds {unknown}
 w - a potion of mutation {unknown}
Comestibles
 c - 6 bread rations


   Skills:
 + Level 4.1 Fighting
 * Level 5.2 Axes
 + Level 3.3 Armour
 - Level 2.1 Dodging


You had 3 spell levels left.
You didn't know any spells.

Dungeon Overview and Level Annotations

Branches:
Dungeon (3/15)

Altars:


Innate Abilities, Weirdness & Mutations

You reflexively headbutt those who attack you in melee.
You have a pair of horns on your head.


Message History

You barely miss the orc wizard.
The orc wizard is moderately wounded.
The orc wizard hits you but does no damage.
The orc wizard hits you with a dagger.
* * * LOW HITPOINT WARNING * * *
You start eating the meat ration.
The orc wizard misses you. You furiously retaliate!
You headbutt the orc wizard.
Keep eating?
You continue eating.
The orc wizard closely misses you. The orc wizard hits you with a dagger.
* * * LOW HITPOINT WARNING * * *
You continue eating.
The orc wizard hits you with a dagger.
* * * LOW HITPOINT WARNING * * *
You finish eating.
That meat ration really hit the spot!
Unknown command.
A red film seems to cover your vision as you go berserk!
You feel yourself moving faster!
You feel mighty!
You feel a lot more hungry. The orc wizard barely misses you.
The orc wizard hits you with a dagger.
You die...

#......o..#..........
#.........#..........
#.(.......#..........
#........o#.....[....
#.........#..........
#.# #.......... #.#
#..........
#.########)..(...(..
#.o@................
####################


You could see an orc wizard.

Vanquished Creatures
  3 adders
  A shadow imp (D:3)
  2 worms (D:2)
  A leopard gecko (D:1)
  An orc (D:3)
  3 giant cockroaches (D:2)
  5 goblins
  4 hobgoblins
  3 jackals (D:1)
  A ball python (D:2)
  4 bats
  4 frilled lizards
  7 kobolds
  5 rats
44 creatures vanquished.

Notes
Turn   | Place    | Note
-------+----------+-------------------------------------------
     0 | D:1      | M4edhros the Minotaur Berserker began the quest for the Orb.
     0 | D:1      | Reached XP level 1. HP: 19/19 MP: 0/0
   310 | D:1      | Reached skill level 4 in Axes
   339 | D:1      | Reached XP level 2. HP: 25/27 MP: 1/1
   778 | D:2      | Reached XP level 3. HP: 24/33 MP: 2/2
  1170 | D:3      | Reached ** piety under Trog
  1170 | D:3      | Reached skill level 5 in Axes
  1284 | D:3      | Reached XP level 4. HP: 25/40 MP: 3/3
  1921 | D:3      | HP: 1/40 [orc wizard/dagger (3)]
  1922 | D:3      | Slain by an orc wizard

Skill      XL: |  1  2  3 |
---------------+----------+-----
Axes           | 4 5 |  5.2
Fighting       | 4 |  4.1
Armour         | 3 |  3.3
Dodging        | |  2.1

Action                   |  1- 3 |  4- 6 || total
-------------------------+-------+-------++-------
Melee: Hand axe          |    67 |    28 ||    95
       Headbutt          |    12 |     2 ||    14
Invok: Berserk           |       |     1 ||     1
       Trog's Hand       |       |     1 ||     1
  Use: Potion            |     5 |       ||     5
 Stab: Sleeping          |     1 |       ||     1
  Eat: Meat ration       |       |     1 ||     1
       Beef jerky        |       |     1 ||     1
Armor: Animal skin       |     6 |     4 ||    10
Dodge: Dodged            |    43 |    16 ||    59
